 Dungeon Crawl Stone Soup version 0.30-b1-2-g02819fbbbe (webtiles) character file.

Game seed: 1711748365425277942

44 Borgoz the Sneak (level 3, -2/25 HPs)
             Began as a Human Enchanter on June 25, 2023.
             Slain by Robin
             ... wielding a +3 trident of freezing
              (7 damage)
             ... on level 2 of the Dungeon.
             The game lasted 00:02:43 (1188 turns).

Borgoz the Sneak (Human Enchanter)                  Turns: 1188, Time: 00:02:43

Health: -2/25      AC:  3    Str: 10    XL:     3   Next: 85%
Magic:  3/6        EV: 11    Int: 15    God:
Gold:   31         SH:  0    Dex: 13    Spells: 3/6 levels left

rFire   . . .        a - +1 dagger
rCold   . . .        (no shield)
rNeg    . . .        d - +0 leather armour
rPois   .            (no helmet)
rElec   .            (no cloak)
rCorr   .            (no gloves)
SInv    .            (no boots)
Will    .....        (no amulet)
Stlth   ++           (no ring)
HPRegen 0.24/turn    (no ring)
MPRegen 0.10/turn

%: no passive effects
@: brilliant
A: no striking features
a: no special abilities


You were on level 2 of the Dungeon.
You visited 1 branch of the dungeon, and saw 2 of its levels.

You collected 31 gold pieces.

Inventory:

Hand Weapons
 a - a +1 dagger (weapon)
Missiles
 f - a poisoned dart (quivered)
Armour
 d - a +0 leather armour (worn)
Jewellery
 h - a ring of ice
Scrolls
 b - a scroll of summoning {unknown}
 c - 2 scrolls of teleportation {unknown}
 i - a scroll of blinking {unknown}
Potions
 e - 2 potions of cancellation
 g - a potion of mutation


   Skills:
 + Level 0.9 Fighting
 * Level 1.7 Short Blades
 + Level 2.2 Dodging
 + Level 3.3 Stealth
 + Level 2.3 Spellcasting
 + Level 3.2 Hexes


You had 3 spell levels left.
You knew the following spells:

 Your Spells              Type           Power      Damage    Failure   Level
a - Confusing Touch       Hex            17%        N/A       22%         3

Your spell library contained the following spells:

 Spells                   Type           Power      Damage    Failure   Level
 Ensorcelled Hibernation  Hex/Ice        18%        N/A       22%         2
 Tukima's Dance           Hex            17%        N/A       22%         3
 Dazzling Flash           Conj/Hex       18%        N/A       41%         3
 Inner Flame              Hex/Fire       9%         N/A       41%         3
 Flame Wave               Conj/Fire      2%         2d4       96%         4
 Passage of Golubria      Tloc           2%         N/A       96%         4
 Sticky Flame             Conj/Fire      2%         2d3       96%         4
 Silence                  Hex/Air        4%         N/A       99%         5
 Lehudib's Crystal Spear  Conj/Erth      1%         10d2      100%        8


Dungeon Overview and Level Annotations

Branches:
Dungeon (2/15)

Altars:

Shops:
D:2 =

Annotations:
D:2 Robin


Message History

Casting: Confusing Touch (extremely dangerous; 22% risk of failure)
Confirm with . or Enter, or press ? or * to list all spells.
You don't know that spell.
Casting: Confusing Touch (extremely dangerous; 22% risk of failure)
Confirm with . or Enter, or press ? or * to list all spells.
The spell is extremely dangerous to miscast (22% risk of failure)!
Continue anyway?
You feel a surge of power!
Your hands begin to glow red.
The hobgoblin barely misses you.
You hit the hobgoblin but do no damage.
The hobgoblin appears confused.
The hobgoblin is moderately wounded.
The hobgoblin hits the goblin.
The goblin is killed!
The hobgoblin hits itself.
You hit the hobgoblin.
You kill the hobgoblin!
Casting: Confusing Touch (extremely dangerous; 22% risk of failure)
Confirm with . or Enter, or press ? or * to list all spells.
The spell is extremely dangerous to miscast (22% risk of failure)!
Continue anyway?
Okay, then.
You hit the hobgoblin.
You kill the hobgoblin!
Robin throws the goblin at you!
You barely miss the goblin. You hit the goblin.
The goblin is almost dead.
The goblin no longer looks unusually strong.
The goblin closely misses you.
Robin hits you from afar with a +3 trident of freezing.
Robin freezes you.
* * * LOW HITPOINT WARNING * * *
Sorry, you're not good enough to have a special ability.
Okay, then.
Throw: 2 darts (poison)
Press: ? - help, Q - select action Shift-Dir - straight line, f - goblin
Aim: a goblin, wielding a +0 club (almost dead, 47% to hit)
You throw a poisoned dart. The poisoned dart hits the goblin.
The goblin is almost dead.
The goblin completely misses you.
Robin hits you from afar with a +3 trident of freezing!
You die...

....###.#.#.#.#....
..................
......#.#.#.####.#.
..##..#............
#.......#.#........
#............).....
......#.#.#........
.########....#.#.#######
......g@†)#....#.#......
......###g##.#.#.#.##..#
..... #)##.#.#.#.....#
.... #g##.#.#.#...#.#
#.# #)#..#...##..#.# #
#######g##.#.......#.
#.......g.....>.# #.
#.####gg.#.###### #.
#.[......#


You could see Robin and a goblin.

Vanquished Creatures
  A worm (D:2)
  A ball python (D:1)
  3 endoplasms (D:1)
  2 giant cockroaches (D:1)
  6 goblins
  4 hobgoblins
  6 jackals (D:1)
  A kobold (D:1)
  2 quokkas (D:1)
  3 bats (D:1)
  2 frilled lizards (D:1)
  3 rats
34 creatures vanquished.

Notes
Turn   | Place    | Note
-------+----------+-------------------------------------------
     0 | D:1      | Borgoz the Human Enchanter began the quest for the Orb.
     0 | D:1      | Reached XP level 1. HP: 13/13 MP: 3/3
   128 | D:1      | Reached XP level 2. HP: 9/20 MP: 5/5
   379 | D:1      | Reached XP level 3. HP: 23/25 MP: 6/6
  1019 | D:2      | Learned a level 3 spell: Confusing Touch
  1138 | D:2      | Found Zirur's Jewellery Shoppe.
  1157 | D:2      | Noticed Robin
  1188 | D:2      | Slain by Robin

Illustrated notes

Levels and vault maps discovered:
D:1:      tarquinn_simple_flora_water_b, layout_basic
D:2:      layout_basic, serial_shops, nicolae_shop_window_shopping,
          hellmonk_ecumenical_altar_leap_of_faith, basic_altar, uniq_robin,
          uniq_terence

Action                     || total
---------------------------++-------
  Melee: Dagger            ||   143
         Punch             ||     1
  Throw: Dart              ||     3
   Cast: Confusing Touch   ||     2
    Use: Potion            ||     3
         Scroll            ||     2
   Stab: Invisible         ||     5
         Sleeping          ||     6
         Confused          ||     1
 Armour: Leather armour    ||    27
         Robe              ||     2
  Dodge: Dodged            ||   100
